 Dungeon Crawl Stone Soup version 0.17-a0-1655-g88a8506 (webtiles) character file.

1439 kae the Carver (level 8, 0/96 HPs)
             Began as a Minotaur Fighter on Aug 15, 2015.
             Was a Priest of Qazlal.
             Succumbed to a killer bee's poison
             ... on level 7 of the Dungeon.
             The game lasted 00:05:03 (5400 turns).

kae the Carver (Minotaur Fighter)                   Turns: 5400, Time: 00:05:03

Health: 0/96       AC: 24    Str: 26    XL:     8   Next: 45%
Magic:  7/7        EV:  2    Int:  7    God:    Qazlal [***...]
Gold:   237        SH: 14    Dex: 10    Spells: 0 memorised, 7 levels left

rFire  . . .     SeeInvis .     a - +0 long sword
rCold  . . .     Clarity  .     (armour currently unavailable)
rNeg   + + +     SustAt   +     c - +0 shield
rPois  +         Gourm    .     (helmet currently unavailable)
rElec  .         Spirit   .     (cloak currently unavailable)
rCorr  .         Warding  .     (gloves currently unavailable)
rMut   .         Stasis   +     (boots currently unavailable)
MR     .....                    G - amulet of stasis
Stlth  +.........               (no ring)
                                j - ring of sustain attributes

@: mighty, lethally poisoned (0 -> -16), tree-form, not resistant to hostile
enchantments, very unstealthy
A: (retaliatory headbutt), (horns 0)
a: Upheaval, Elemental Force, Renounce Religion


You were on level 7 of the Dungeon.
You worshipped Qazlal.
Qazlal was most pleased with you.
You were full.
You were a tree.
You visited 1 branch of the dungeon, and saw 7 of its levels.

You collected 237 gold pieces.

Inventory:

Hand weapons
 a - a +0 long sword (weapon)
Armour
 b - a +0 scale mail (melded)
 c - a +0 shield (worn)
 B - a +0 pair of gloves (melded)
Jewellery
 j - a ring of sustain attributes (left branch)
 G - an amulet of stasis (around neck)
Magical devices
 o - a wand of confusion (19)
 x - a wand of fire (7)
Scrolls
 f - 3 scrolls of enchant armour {unknown}
 g - 6 scrolls of remove curse {unknown}
 i - 7 scrolls of identify {unknown}
 l - a scroll of teleportation {unknown}
 n - a scroll of random uselessness {unknown}
 p - a scroll of fog {unknown}
 u - a scroll of magic mapping {unknown}
 y - 2 scrolls of amnesia {unknown}
 D - a scroll of immolation {unknown}
 F - a scroll of noise {unknown}
 I - a scroll of fear {unknown}
 J - a scroll of enchant weapon {unknown}
Potions
 d - a potion of might
 k - 2 potions of lignification
 m - 4 potions of brilliance {unknown}
 q - 2 potions of curing {unknown}
 r - a potion of poison {unknown}
 v - a potion of flight {unknown}
 w - a potion of berserk rage {unknown}
 z - a potion of haste {unknown}
 A - a potion of invisibility {unknown}
 E - a potion of magic {unknown}
 H - 2 potions of degeneration {unknown}
Books
 C - the Compendium of Vitriolic Dark Rituals
   (You found it on level 5 of the Dungeon)

   Spells                             Type                      Level
   a - Sting                          Conjuration/Poison           1
   b - Sublimation of Blood           Necromancy                   2
   c - Vampiric Draining              Necromancy                   3
   d - Control Undead                 Necromancy                   4
   e - Olgreb's Toxic Radiance        Poison                       4
   f - Cigotuvi's Embrace             Necromancy                   5
Comestibles
 e - 4 bread rations
 h - 2 slices of pizza
 s - 3 beef jerkies
 t - 3 meat rations
 K - 2 chunks of flesh


   Skills:
 - Level 3.6 Fighting
 + Level 12.4 Long Blades
 - Level 3.6 Armour
 - Level 3.6 Shields


You had 7 spell levels left.
You didn't know any spells.

Dungeon Overview and Level Annotations

Branches:
Dungeon (7/15)             Temple (0/1) D:7

Altars:
Cheibriados
Fedhas
Gozag
Kikubaaqudgha
Nemelex Xobeh
Qazlal
Ru
Trog
Xom

Annotations:
D:2 1 exclusion


Innate Abilities, Weirdness & Mutations

((You reflexively headbutt those who attack you in melee.))
((You have a pair of horns on your head.))


Message History

The killer bee stings you but does no damage.
You slice the killer bee!!
You kill the killer bee!
Qazlal accepts your kill.
* * * LOW HITPOINT WARNING * * *
You feel sick. The killer bee stings you!
* * * LOW HITPOINT WARNING * * *
You are more poisoned.
The killer bee poisons you! The killer bee barely misses you.
You barely miss the killer bee. Your headbutt misses the killer bee.
* * * LOW HITPOINT WARNING * * *
You feel sick. You block the killer bee's attack. The killer bee stings you.
* * * LOW HITPOINT WARNING * * *
Unknown command.
Drink which item? (? for menu, Esc to quit)
It was a potion of lignification.
You turn into a tree.
Your +0 pair of gloves melds into your body.
Your +0 scale mail melds into your body.
Your roots penetrate the ground.
You die...

. # .. .. #. .## ##.
..# #######..#
#####..####
.........####.........#
..........##....#.#
####......##.§.#♣#
###...........#y#†#
.#....#.....#..#.>.#
..........#...#.#.#.#
.........###...#.#.#..
.....##..# #....#.#....
....###..#
##...........
.....##.## ####.... ..
###...#.## ...


You could see a killer bee.

Vanquished Creatures
  An orc warrior (D:7)
  A wyvern zombie (D:6)
  A wyvern skeleton (D:6)
  2 giant frogs (D:6)
  A scorpion (D:5)
  2 killer bees (D:7)
  10 orc wizards
  A crimson imp (D:6)
  2 jellies (D:3)
  A giant frog skeleton (D:6)
  2 iguanas (D:7)
  4 orc priests
  3 hounds
  Natasha (twice) (D:3)
  2 worker ants
  A hound zombie (D:5)
  9 adders
  3 gnolls (D:6)
  A shadow imp (D:6)
  3 oozes
  An adder skeleton (D:5)
  An adder zombie (D:7)
  2 worms
  29 orcs
  A ball python (D:3)
  7 giant cockroaches
  9 goblins
  8 hobgoblins
  12 jackals
  9 kobolds
  4 quokkas
  A sheep (D:3)
  6 bats
  6 giant geckos
  A giant gecko skeleton (D:5)
  A giant gecko zombie (D:5)
  3 giant newts
  A quokka skeleton (D:6)
  7 rats
161 creatures vanquished.

Notes
Turn   | Place    | Note
--------------------------------------------------------------
     0 | D:1      | kae the Minotaur Fighter began the quest for the Orb.
     0 | D:1      | Reached XP level 1. HP: 19/19 MP: 0/0
    97 | D:1      | Reached XP level 2. HP: 8/26 MP: 1/1
   578 | D:1      | Reached skill level 4 in Long Blades
  1016 | D:2      | Reached XP level 3. HP: 31/31 MP: 2/2
  1176 | D:2      | Found a faded altar to an unknown god.
  1258 | D:2      | Found a sacrificial altar of Ru.
  1302 | D:2      | Noticed a moth of wrath
  1305 | D:2      | Found a bloodstained altar of Trog.
  1390 | D:2      | Reached skill level 5 in Long Blades
  1502 | D:2      | Found a sparkling altar of Nemelex Xobeh.
  1502 | D:2      | Found a stormy altar of Qazlal.
  1596 | D:2      | Reached XP level 4. HP: 39/39 MP: 3/3
  1654 | D:2      | Became a worshipper of Qazlal Stormbringer
  1757 | D:2      | Found an ancient bone altar of Kikubaaqudgha.
  2246 | D:3      | Reached skill level 6 in Long Blades
  2369 | D:3      | Reached XP level 5. HP: 30/45 MP: 4/4
  2617 | D:3      | Noticed Natasha
  2622 | D:3      | Killed Natasha
  2625 | D:3      | Acquired Qazlal's first power
  2626 | D:3      | Noticed Natasha
  2634 | D:3      | Killed Natasha
  2634 | D:3      | Reached skill level 7 in Long Blades
  2665 | D:3      | Found a shimmering altar of Xom.
  2750 | D:3      | Reached XP level 6. HP: 20/51 MP: 5/5
  2922 | D:3      | Reached skill level 8 in Long Blades
  3240 | D:4      | Found a blossoming altar of Fedhas.
  3263 | D:4      | Acquired Qazlal's second power
  3649 | D:4      | Reached skill level 9 in Long Blades
  3861 | D:5      | Entered Level 5 of the Dungeon
  3960 | D:5      | Reached XP level 7. HP: 45/57 MP: 6/6
  4011 | D:5      | Identified the Compendium of Vitriolic Dark Rituals
  4263 | D:5      | Reached skill level 10 in Long Blades
  4519 | D:5      | Found a snail-covered altar of Cheibriados.
  4582 | D:6      | Acquired Qazlal's third power
  4635 | D:6      | Reached skill level 11 in Long Blades
  4707 | D:6      | Reached XP level 8. HP: 58/64 MP: 7/7
  5027 | D:7      | Found an opulent altar of Gozag.
  5072 | D:7      | Reached skill level 12 in Long Blades
  5377 | D:7      | Found a staircase to the Ecumenical Temple.
  5399 | D:7      | HP: 2/64 [poisoned by a killer bee]
  5400 | D:7      | Succumbed to a killer bee's poison

Vault maps used:
D:1:      mrwooster_arrival_statue_3, minmay_strange_pillars
D:2:      tgw_trog, gammafunk_temple_overflow_wave, lemuel_crystal_altar,
          nicolae_ru_awakened_eye, ecumenical_altar_1, minmay_misc_feat_encased,
          minmay_misc_feat_roman
D:3:      grunt_decor_arrowhead, dk_xom_monty_hall, uniq_natasha
D:4:      old_standard_altar
D:5:      lemuel_round_altar, first_bread
D:7:      grunt_dithmenos_smoke, nicolae_gozag_seed_capital,
          minmay_temple_entry_grid, grunt_livestock

Action                   |  1- 3 |  4- 6 |  7- 9 || total
-------------------------+-------+-------+-------++-------
Melee: Long sword        |   126 |   166 |   196 ||   488
  Use: Potion            |       |     1 |     2 ||     3
  Eat: Chunk             |     2 |     8 |     1 ||    11
       Bread ration      |       |       |     2 ||     2
